 Dungeon Crawl Stone Soup version 0.20-a0-1016-g241539b (webtiles) character file.

435 Multipenetrator the Vexing (level 7, 49/49 HPs)
             Began as a Gnoll Enchanter on Apr 14, 2017.
             Got out of the dungeon alive.
             The game lasted 00:27:24 (4452 turns).

Multipenetrator the Vexing (Gnoll Enchanter)        Turns: 4452, Time: 00:27:25

Health: 49/49      AC:  2    Str:  7    XL:     7   Next: 0%
Magic:  15/15      EV: 14    Int: 15    God:
Gold:   132        SH:  0    Dex: 17    Spells: 12/16 levels left

rFire    . . .     SeeInvis +   a - +1 dagger
rCold    . . .     Gourm    .   (no shield)
rNeg     . . .     Faith    .   b - +0 robe
rPois    .         Spirit   .   (no helmet)
rElec    .         Reflect  .   (no cloak)
rCorr    .         Harm     .   (no gloves)
MR       .....                  (no boots)
Stlth    +++.......             (no amulet)
Regen    0.2/turn               (no ring)
MPRegen  0.2/turn               (no ring)

@: no status effects
A: short attention span, fangs 1, see invisible, strong nose
a: no special abilities


You escaped.
You were not hungry.

You visited 1 branch of the dungeon, and saw 4 of its levels.

You collected 132 gold pieces.

Inventory:

Hand Weapons
 a - a +1 dagger (weapon)
Armour
 b - a +0 robe (worn)
Scrolls
 e - 2 scrolls of remove curse
 f - a scroll of amnesia {unknown}
 h - 2 scrolls of teleportation {unknown}
 i - a scroll of blinking {unknown}
 j - 2 scrolls of identify {unknown}
 p - a scroll of enchant armour {unknown}
Potions
 g - a potion of haste {unknown}
 k - a potion of mutation {unknown}
 m - a potion of degeneration {unknown}
 n - a potion of ambrosia {unknown}
 o - a potion of heal wounds {unknown}
 q - a potion of might {unknown}
 r - a potion of brilliance {unknown}
Books
 c - a book of Maledictions

   Spells                             Type                      Level
   a - Corona                         Hexes                        1
   b - Ensorcelled Hibernation        Hexes/Ice                    2
   c - Confuse                        Hexes                        3
   d - Tukima's Dance                 Hexes                        3
   e - Dazzling Spray                 Conjuration/Hexes            3
Comestibles
 d - 2 bread rations
 l - 3 chunks of flesh


   Skills:
 + Level 1.9 Fighting
 + Level 3.4 Short Blades
 + Level 4.2 Dodging
 * Level 6.4 Stealth
 + Level 5.4 Spellcasting
 + Level 7.0 Hexes


You had 12 spell levels left.
You knew the following spells:

 Your Spells              Type           Power        Failure   Level  Hunger
a - Corona                Hex            ####...      1%          1    None
b - Confuse               Hex            ####....     2%          3    ###....


Dungeon Overview and Level Annotations

Branches:
Dungeon (4/15)
 Temple: D:4-7

Altars:


Innate Abilities, Weirdness & Mutations

You have a short attention span.
You have very sharp teeth.
You have supernaturally acute eyesight. (SInv)
Your uncanny sense of smell can sniff out nearby items.


Message History

There is a stone staircase leading up here.
You climb upwards.
There is a stone staircase leading down here.
Magic restored.
There is an escape hatch in the ceiling here.
A mysterious force pulls you upwards. The hatch slams shut behind you.
A leopard gecko comes into view.
A leopard gecko is nearby!
You catch the helpless leopard gecko completely off-guard!
You impale the leopard gecko!!
You kill the leopard gecko!
No target in view!
No target in view!
Some of the chunks of flesh in your inventory have rotted away.
You see here a club.
HP restored.
There is an open door here.
There is a staircase leading out of the dungeon here.
Are you sure you want to leave the Dungeon?
This will make you lose the game!
You have escaped!

#......#)##..#
###..#.#......
##.......#..
#....#....#
##..>......
############..##.#
##P#P♣....'........
♣.#P♣..≈≈≈#.).#....
#♣@....8≈##.....#.#
♣.#P♣..≈≈≈#........
##P#P♣....+...###..
##########...# #..
#...........# ###
#...........# #
#...........# #
############.###.#
# #........###.#
#.#


There were no monsters in sight!

Vanquished Creatures
  A hippogriff (D:4)
  3 hounds (D:3)
  6 gnolls
  7 adders
  2 oozes
  A worm (D:2)
  3 dart slugs (D:1)
  3 leopard geckos
  4 orcs (D:3)
  11 bats
  2 giant cockroaches (D:2)
  5 goblins
  6 hobgoblins
  3 jackals (D:3)
  2 quokkas
  2 frilled lizards (D:2)
  8 kobolds
  5 rats (D:1)
74 creatures vanquished.

Notes
Turn   | Place    | Note
-------+----------+-------------------------------------------
     0 | D:1      | Multipenetrator the Bultungin Enchanter began the quest for the Orb.
     0 | D:1      | Reached XP level 1. HP: 13/13 MP: 4/4
   170 | D:1      | Reached XP level 2. HP: 18/20 MP: 4/6
   551 | D:1      | Reached skill level 5 in Hexes
   763 | D:1      | Reached XP level 3. HP: 11/25 MP: 5/8
   873 | D:1      | Learned a level 3 spell: Confuse
  1786 | D:2      | Reached skill level 5 in Stealth
  1786 | D:2      | Reached XP level 4. HP: 13/31 MP: 2/9
  3223 | D:3      | Reached XP level 5. HP: 11/36 MP: 2/11
  3553 | D:3      | Reached skill level 1 in Fighting
  4005 | D:4      | Noticed an ogre
  4060 | D:3      | Reached skill level 6 in Hexes
  4188 | D:3      | Reached XP level 6. HP: 43/44 MP: 8/13
  4339 | D:4      | Noticed a hippogriff
  4343 | D:4      | Killed a hippogriff
  4343 | D:4      | Reached skill level 5 in Spellcasting
  4343 | D:4      | Reached skill level 7 in Hexes
  4344 | D:4      | Upgraded the game from 0.20-a0-1006-ge6c5631 to 0.20-a0-1016-g241539b
  4392 | D:3      | Reached XP level 7. HP: 41/49 MP: 11/15
  4452 | D:$      | Got out of the dungeon alive.

Vault maps used:
D:1:      tarquinn_simple_flora_water_d, patterned_corridor
D:2:      minmay_pentomino_u2
D:3:      minmay_misc_feat_iff

Skill      XL: |  1  2  3  4  5  6 |
---------------+-------------------+-----
Hexes          | 5 6 7 |  7.0
Short Blades   | 2 3 |  3.4
Stealth        | 5 6 |  6.4
Spellcasting   | 4 5 |  5.4
Fighting       | 1 |  1.9
Dodging        | 4 |  4.2

Action                   |  1- 3 |  4- 6 |  7- 9 || total
-------------------------+-------+-------+-------++-------
Melee: Dagger            |   121 |   236 |     5 ||   362
       Bite              |     6 |    22 |       ||    28
 Cast: Corona            |    21 |    13 |       ||    34
       Confuse           |     7 |    36 |       ||    43
  Use: Scroll            |       |     2 |       ||     2
       Potion            |       |     3 |       ||     3
 Stab: Sleeping          |     7 |     5 |       ||    12
       Confused          |     4 |    12 |       ||    16
       Distracted        |       |       |     1 ||     1
  Eat: Chunk             |     3 |     7 |       ||    10
       Meat ration       |       |     1 |       ||     1
Armor: Robe              |    16 |    57 |       ||    73
Dodge: Dodged            |    68 |   240 |     5 ||   313
